 Dungeon Crawl Stone Soup version 0.29.1-15-g9cfb28693d (webtiles) character file.

Game seed: 17699640023910578761

27910 radmirchik the Fighter (level 13, -15/125 HPs)
             Began as a Minotaur Berserker on Feb 23, 2023.
             Was a Priest of Trog.
             Shot with an arrow by Nessos (16 damage)
             ... on level 2 of the Orcish Mines.
             The game lasted 01:33:36 (11973 turns).

radmirchik the Fighter (Minotaur Berserker)        Turns: 11973, Time: 01:33:43

Health: -15/125    AC: 13    Str: 26    XL:     13   Next: 6%
Magic:  12/12      EV: 15    Int:  4    God:    Trog [***...]
Gold:   1092       SH:  0    Dex: 17    Spells: 12/12 levels left

rFire   . . .      SeeInvis .   A - +2 hand axe (vorpal)
rCold   + . .      Faith    .   (no shield)
rNeg    . . .      Spirit   .   S - +2 scale mail {rC+}
rPois   +          Reflect  .   (helmet restricted)
rElec   .          Harm     .   (no cloak)
rCorr   .          Rampage  .   Q - +0 pair of gloves
Will    ++...                   K - +0 pair of boots
Stlth   +++.......              g - amulet of regeneration
HPRegen 2.10/turn               C - +6 ring of dexterity
MPRegen 0.13/turn               N - ring of poison resistance

@: lethally poisoned (-15 -> -25), strong-willed, regenerating
A: horns 2, retaliatory headbutt
a: Renounce Religion, Berserk, Trog's Hand


You were on level 2 of the Orcish Mines.
You worshipped Trog.
Trog was most pleased with you.
You visited 2 branches of the dungeon, and saw 15 of its levels.

You collected 1092 gold pieces.

Inventory:

Hand Weapons
 A - a +2 vorpal hand axe (weapon)
 M - a +4 spear
Armour
 w - +0 acid dragon scales
 K - a +0 pair of boots (worn)
 L - a +0 plate armour
 Q - a +0 pair of gloves (worn)
 S - a +2 scale mail of cold resistance (worn)
Jewellery
 f - a ring of see invisible
 g - an amulet of regeneration (around neck)
 t - a ring of flight
 C - a +6 ring of dexterity (left hand)
 D - an amulet of faith
 J - a +6 ring of dexterity
 N - a ring of poison resistance (right hand)
Wands
 p - a wand of paralysis (7)
Scrolls
 b - 2 scrolls of immolation {unknown}
 c - 6 scrolls of blinking {unknown}
 d - 3 scrolls of amnesia {unknown}
 h - 8 scrolls of teleportation {unknown}
 m - a scroll of summoning {unknown}
 r - 6 scrolls of noise
 s - 2 scrolls of enchant weapon {unknown}
 v - 4 scrolls of fear {unknown}
 x - a scroll of identify
 y - a scroll of acquirement {unknown}
 z - 3 scrolls of butterflies {unknown}
 B - 3 scrolls of poison {unknown}
 E - 5 scrolls of enchant armour {unknown}
 G - 4 scrolls of vulnerability {unknown}
 H - 3 scrolls of torment {unknown}
Potions
 a - a potion of ambrosia {unknown}
 i - 4 potions of attraction
 j - 4 potions of lignification
 k - 3 potions of haste
 l - 2 potions of mutation {unknown}
 n - a potion of experience {unknown}
 o - 2 potions of cancellation {unknown}
 q - a potion of brilliance
 u - 7 potions of might
 R - 3 potions of berserk rage {unknown}
 T - 2 potions of flight {unknown}


   Skills:
 * Level 14.6 Fighting
 * Level 11.1 Axes
 + Level 10.5 Armour
 + Level 9.6 Dodging
 * Level 11.0 Stealth


You had 12 spell levels left.
You didn't know any spells.
Your spell library was empty.

Dungeon Overview and Level Annotations

Branches:
Dungeon (13/15)            Temple (0/1) D:4            Lair (0/5) D:11
    Orc (2/2) D:11            Elf (0/3) Orc:2        Vaults (0/5) D:13

Altars:
Ashenzari
Cheibriados
Dithmenos
Hepliaklqana
Trog
Wu Jian
Xom
Yredelemnul
Zin

Shops:
D:3 :   D:7 (   D:8 :   D:9 *!?   D:12 (*:

Portals:
Abyss: D:8

Annotations:
D:8 2 transporters, jombi's ghost, novice DsTm
Orc:2 Nessos


Innate Abilities, Weirdness & Mutations

You have a pair of horns on your head.
You reflexively headbutt those who attack you in melee.


Message History

The orc wizard is severely wounded.
Nessos wields a +3 longbow of flaming.
It bursts into flame!
Nessos shoots an arrow.
The arrow hits you! The arrow burns you.
You are poisoned.
Nessos shoots an arrow.
The arrow misses you.
The orc wizard hits you but does no damage.
You closely miss the orc wizard. You headbutt the orc wizard.
You kill the orc wizard!
Trog accepts your kill.
Trog appreciates your killing of a magic user.
You feel very sick.
Nessos shoots an arrow.
The arrow hits you!! The arrow burns you.
You are more poisoned.
Nessos shoots an arrow.
The arrow hits you! The arrow burns you.
You are more poisoned.
You're wearing all the rings you can.
Remove which one? (? for menu, Esc to cancel) < or
C - a +6 ring of dexterity; > or
f - a ring of see invisible You remove your ring of see invisible.
You feel very sick.
Nessos mumbles some strange words.
Nessos blinks!
N - a ring of poison resistance (right hand)
You feel very sick.
Nessos intently looks at you, slowly moving their tail.
Nessos shoots an arrow.
The arrow hits you!!
* * * LOW HITPOINT WARNING * * *
The arrow burns you!
* * * LOW HITPOINT WARNING * * *
* * * LOW HITPOINT WARNING * * *
You feel extremely sick.
Nessos casts a spell.
Nessos blinks!
You feel extremely sick.
Nessos shoots an arrow.
The arrow hits you!
* * * LOW HITPOINT WARNING * * *
The arrow burns you.
* * * LOW HITPOINT WARNING * * *
Nessos shoots an arrow.
The arrow hits you!
You die...

##..........##....##.##
##........####.......#
###.......### #.......#
##.........# #.#.....#
#...#......### ####.....
##.##........##
#.#.....#
###..........###........
#..........#..........#
##.#..@..............##
###.....)...........#
###...).........#.##
#.)))........#...#
##..........#.#.##
#.............##
#......c....).<##
##........).))...
.ยงยง........))...


You could see Nessos (fast, empowered).

Vanquished Creatures
  A war gargoyle (D:13)
  Snorg (D:10)
  The ghost of enotiy the Cleaver, a journeyman GrFi of Lugonu (D:12)
  A hydra (D:12)
  3 two-headed ogres
  2 dancing weapons (D:13)
  2 centaur warriors (D:13)
  An orc knight (Orc:1)
  A wizard (D:9)
  4 cyclopes (D:13)
  A deep elf pyromancer (D:13)
  An ugly thing (D:13)
  The ghost of oper the Ruffian, a novice TrWr (D:5)
  2 centaur zombies (D:12)
  9 gargoyles
  2 kobold demonologists (D:12)
  3 unseen horrors
  A komodo dragon (D:11)
  6 slime creatures (D:12)
  3 trolls
  A wraith (D:12)
  A shadow (D:12)
  Sigmund (D:2)
  4 wyverns
  13 yaks
  3 steam dragons
  8 vampire mosquitoes
  2 wargs
  3 acid dragons
  A water moccasin (D:11)
  7 black bears
  10 orc warriors
  An ice beast (D:7)
  2 sky beasts (D:7)
  3 ogres
  6 centaurs
  A phantom (D:7)
  2 kobold brigands
  3 necrophages
  6 bullfrogs
  4 gnoll sergeants
  3 scorpions
  6 wights
  2 howler monkeys (D:9)
  6 hounds
  3 quasits (D:5)
  11 orc priests
  A gnoll bouda (D:6)
  A jelly (D:6)
  5 iguanas
  Jessica (D:2)
  19 orc wizards
  20 gnolls
  8 adders
  A shadow imp (D:5)
  3 white imps
  An ufetubus (D:5)
  3 worms
  2 dart slugs
  51 orcs
  7 ball pythons
  10 endoplasms
  2 giant cockroaches (D:1)
  3 goblins
  5 hobgoblins
  18 kobolds
  9 quokkas
  5 bats
  3 frilled lizards (D:1)
  2 rats
339 creatures vanquished.

Vanquished Creatures (others)
  An angel (D:5)
  A gargoyle (D:13)
  34 fungi (D:11)
  44 plants
80 creatures vanquished.

Grand Total: 419 creatures vanquished

Notes
Turn   | Place    | Note
-------+----------+-------------------------------------------
     0 | D:1      | radmirchik the Minotaur Berserker began the quest for the
                  | Orb.
     0 | D:1      | Reached XP level 1. HP: 19/19 MP: 0/0
   212 | D:1      | Reached XP level 2. HP: 23/27 MP: 1/1
   555 | D:1      | Found a faded altar of an unknown god.
   563 | D:1      | Reached skill level 4 in Fighting
   743 | D:1      | Reached skill level 1 in Stealth
  1072 | D:2      | Reached XP level 3. HP: 30/33 MP: 2/2
  1127 | D:2      | Reached ** piety under Trog
  1193 | D:2      | Noticed Sigmund
  1201 | D:2      | Killed Sigmund
  1202 | D:2      | Reached skill level 5 in Fighting
  1202 | D:2      | Reached XP level 4. HP: 42/42 MP: 3/3
  1202 | D:2      | Reached XP level 5. HP: 48/48 MP: 4/4
  1490 | D:2      | Noticed Jessica
  1491 | D:2      | Killed Jessica
  1879 | D:3      | Reached XP level 6. HP: 56/56 MP: 5/5
  1990 | D:3      | Found Bucer's Book Boutique.
  2071 | D:3      | Identified the +3 short sword of Conformity {vorpal, rElec
                  | rCorr}
  2594 | D:4      | Found a staircase to the Ecumenical Temple.
  3152 | D:5      | Entered Level 5 of the Dungeon
  3170 | D:5      | Found a glowing silver altar of Zin.
  3170 | D:5      | Noticed an angel
  3182 | D:5      | Found a shimmering altar of Xom.
  3249 | D:5      | Found a transporter.
  3254 | D:5      | Noticed oper's ghost (novice TrWr)
  3275 | D:5      | Reached skill level 6 in Fighting
  3283 | D:5      | Killed oper's ghost
  3284 | D:5      | Reached skill level 5 in Axes
  3284 | D:5      | Reached XP level 7. HP: 64/64 MP: 6/6
  3286 | D:5      | Found a transporter.
  3495 | D:5      | Reached skill level 7 in Fighting
  3509 | D:5      | Reached XP level 8. HP: 73/73 MP: 7/7
  3576 | D:5      | Reached skill level 5 in Armour
  3677 | D:5      | Found a hazy altar of Hepliaklqana.
  3754 | D:5      | Reached *** piety under Trog
  4362 | D:5      | Killed an angel
  4476 | D:6      | Reached skill level 5 in Stealth
  4543 | D:6      | Reached skill level 8 in Fighting
  4543 | D:6      | Reached skill level 5 in Dodging
  4566 | D:6      | Found a snail-covered altar of Cheibriados.
  4576 | D:6      | Found a broken altar of Ashenzari.
  4801 | D:6      | Reached XP level 9. HP: 59/79 MP: 8/8
  4948 | D:6      | Found a shadowy altar of Dithmenos.
  5441 | D:7      | Reached skill level 9 in Fighting
  5674 | D:7      | Found an ornate altar of the Wu Jian Council.
  5780 | D:7      | Found Mebyic's Hydra Hut.
  5811 | D:7      | Noticed a six-headed hydra
  6172 | D:8      | Found a one-way gate to the infinite horrors of the Abyss.
  6172 | D:8      | Noticed an ancient zyme
  6188 | D:8      | Found a transporter.
  6190 | D:8      | Found a transporter.
  6232 | D:8      | Noticed a hell hog
  6234 | D:8      | Noticed jombi's ghost (novice DsTm)
  6279 | D:8      | Reached skill level 10 in Fighting
  6279 | D:8      | Reached XP level 10. HP: 93/93 MP: 9/9
  6287 | D:8      | Reached **** piety under Trog
  6310 | D:8      | Found Sohiu's Book Shoppe.
  6463 | D:8      | Found a bloodstained altar of Trog.
  6726 | D:9      | Found Xoucw's Magic Scroll Emporium.
  6729 | D:9      | Noticed a two-headed ogre
  6741 | D:9      | Killed a two-headed ogre
  6804 | D:9      | Found Tamaig's Distillery.
  6823 | D:9      | Found Qiw Rox's Assorted Antiques.
  6825 | D:9      | Identified the +9 short sword of Unpleasantness {protect,
                  | rPois rF+ rN+}
  6911 | D:9      | Noticed a wizard
  6920 | D:9      | Killed a wizard
  7211 | D:9      | Reached skill level 11 in Fighting
  7241 | D:10     | Entered Level 10 of the Dungeon
  7313 | D:10     | Noticed a gargoyle
  7325 | D:10     | Killed a gargoyle
  7371 | D:10     | Noticed Snorg
  7385 | D:10     | Killed Snorg
  7386 | D:10     | Reached XP level 11. HP: 102/102 MP: 10/10
  8050 | D:11     | Found a staircase to the Orcish Mines.
  8098 | D:11     | Reached skill level 12 in Fighting
  8201 | D:11     | Found a staircase to the Lair.
  8742 | D:12     | Found Xiugunk's Changing Room.
  8760 | D:12     | You fall into a shaft and drop 1 floor!
  8770 | D:13     | Noticed a centaur warrior
  8778 | D:13     | Killed a centaur warrior
  8914 | D:13     | Noticed a +3 long sword
  8950 | D:13     | Noticed a +4 long sword
  8952 | D:13     | Found a gate to the Vaults.
  8966 | D:13     | Killed a +4 long sword
  8976 | D:13     | Killed a +3 long sword
  9115 | D:13     | Noticed a two-headed ogre
  9132 | D:13     | Killed a two-headed ogre
  9133 | D:13     | Reached skill level 13 in Fighting
  9177 | D:13     | Reached XP level 12. HP: 105/115 MP: 11/11
  9248 | D:13     | Noticed a centaur warrior
  9260 | D:13     | Killed a centaur warrior
  9485 | D:13     | Found a faded altar of an unknown god.
  9547 | D:13     | Noticed a war gargoyle
  9554 | D:13     | Reached skill level 10 in Stealth
  9561 | D:13     | Killed a war gargoyle
  9562 | D:13     | Reached skill level 10 in Axes
  9704 | D:13     | Reached skill level 10 in Armour
 10050 | D:12     | Reached skill level 14 in Fighting
 10222 | D:12     | Noticed a two-headed ogre
 10231 | D:12     | Killed a two-headed ogre
 10281 | D:12     | Found a runed translucent gate.
 10281 | D:12     | Found a runed translucent gate.
 10281 | D:12     | Found a runed translucent gate.
 10281 | D:12     | Noticed enotiy's ghost (journeyman GrFi)
 10283 | D:12     | Found a basalt altar of Yredelemnul.
 10364 | D:12     | Killed enotiy's ghost
 10844 | D:12     | Found Ottozeg's Weapon Emporium.
 10902 | D:12     | Found Pisebuapn's Book Shop.
 11091 | D:12     | Noticed a five-headed hydra
 11108 | D:12     | Killed a five-headed hydra
 11457 | Orc:1    | Entered Level 1 of the Orcish Mines
 11558 | Orc:1    | Reached XP level 13. HP: 119/125 MP: 12/12
 11766 | Orc:2    | Entered Level 2 of the Orcish Mines
 11835 | Orc:2    | Found a staircase to the Elven Halls.
 11960 | Orc:2    | Noticed Nessos
 11973 | Orc:2    | HP: 4/125 [Nessos/arrow (13)]
 11973 | Orc:2    | HP: 1/125 [Nessos/arrow (3)]
 11973 | Orc:2    | Shot with an arrow by Nessos

Illustrated notes

Levels and vault maps discovered:
D:1:      sevenhm_arrival_forest_fort_large_2, layout_basic,
          shapermc_ecumenical_altar_pompeii
D:2:      layout_basic, uniq_sigmund, uniq_jessica
D:3:      layout_basic, serial_shops, shop
D:4:      layout_basic, minmay_temple_entry_hall, serial_bayou,
          serial_bayou_crossing, serial_bayou_pond_e, serial_bayou_pond_a,
          serial_bayou_shore_a
D:5:      layout_basic, grunt_temple_overflow_order_and_chaos_1,
          kennysheep_mini_moat, gammafunk_ghost_stat_death,
          minmay_fractal_squares_5
D:6:      layout_cave_pods, nicolae_dithmenos_shadow_blocks,
          grunt_temple_overflow_open, grunt_ministairs_1, minmay_starry_boxes
D:7:      layout_cave_pools, mainiacjoe_overflow_concentric_impassable,
          doesnt_shop_hydraphobe
D:8:      layout_rooms, mainiacjoe_overflow_alcove_2,
          gammafunk_ghost_abyssal_escape, kennysheep_diamond,
          grunt_ministairs_14
D:9:      nicolae_BIG_FREAKIN_CUBE, layout_gridville, serial_shops, shop,
          nicolae_shop_waterfront, shop, st_stairs_3
D:10:     layout_gridville, glass_columns_c, uniq_snorg
D:11:     layout_long_grid, due_lair_maze_entry_diamond,
          minmay_orc_entry_temple_small
D:12:     layout_layer_cave, serial_shops, shop,
          nicolae_shop_bloodbath_and_beyond, nicolae_transmutations_shop,
          nicolae_yredelemnul_ghost_church
D:13:     gargoyle_guard, layout_irregular_city, erik_vaults_1,
          serial_column_ruins, column_ruins_hut, column_ruins_temple_circle,
          column_ruins_open_tiny, column_ruins_columns_T,
          column_ruins_columns_dead_end
Orc:1:    layout_diamond_mine
Orc:2:    st_orc_elflike, layout_diamond_mine, basic_altar, uniq_nessos,
          uniq_josephine

Skill      XL: |  1  2  3  4  5  6  7  8  9 10 11 12 13 |
---------------+----------------------------------------+-----
Fighting       | 4 5 6 7 8 10 11 13 14 | 14.6
Stealth        | 1 2 4 5 6 8 9 10 11 | 11.0
Axes           | 4 5 6 7 8 9 11 | 11.1
Armour         | 3 4 5 6 8 9 10 | 10.5
Dodging        | 3 4 5 6 7 8 9 |  9.6

Action                   |  1- 3 |  4- 6 |  7- 9 | 10-12 | 13-15 || total
-------------------------+-------+-------+-------+-------+-------++-------
Melee: Hand axe          |    68 |   114 |   239 |   619 |    64 ||  1104
       Headbutt          |     8 |    25 |    54 |   171 |    10 ||   268
       Punch             |       |     3 |       |     8 |     1 ||    12
       Spear             |       |       |       |    14 |       ||    14
Invok: Berserk           |     1 |     4 |     6 |    12 |     3 ||    26
       Trog's Hand       |     1 |     3 |     7 |    21 |     3 ||    35
  Use: Scroll            |       |       |       |     9 |       ||     9
       Potion            |       |       |       |    14 |     2 ||    16
 Stab: Sleeping          |     2 |     5 |     2 |     5 |       ||    14
Armor: Animal skin       |    11 |    10 |       |       |       ||    21
       Ring mail         |       |    13 |    15 |       |       ||    28
       Scale mail        |       |       |    48 |   168 |    16 ||   232
       Plate armour      |       |       |       |    64 |       ||    64
Dodge: Dodged            |    53 |    91 |   167 |   462 |    36 ||   809
